 Dungeon Crawl Stone Soup version 0.17-a0-1987-gaf5a542 (webtiles) character file.

1637 wvc the Slicer (level 8, -5/38 HPs)
             Began as a Vine Stalker Assassin on Oct 6, 2015.
             Was an Initiate of Cheibriados.
             Shot with a bolt by an orc warrior (22 damage)
             ... in a bailey.
             The game lasted 00:14:12 (5978 turns).

wvc the Slicer (Vine Stalker Assassin)              Turns: 5978, Time: 00:14:12

Health: -5/38      AC:  7    Str: 16    XL:     8   Next: 98%
Magic:  0/9        EV: 11    Int: 12    God:    Cheibriados [......]
Gold:   321        SH:  0    Dex: 18    Spells: 0 memorised, 7 levels left

rFire  . . .     SeeInvis .     c - +1 rapier
rCold  + . .     Clarity  .     h - +0 ring mail
rNeg   . . .     SustAt   .     (no shield)
rPois  .         Gourm    .     (no helmet)
rElec  .         Spirit   +     d - +0 cloak
rCorr  .         Warding  .     o - +0 pair of gloves
rMut   .         Stasis   .     (no boots)
MR     +....                    (no amulet)
Stlth  ++........               p - ring of protection from cold
                                q - +1 ring of slaying

@: very slow, somewhat resistant to hostile enchantments, unstealthy
A: fangs 3, regeneration 2, magic shield, antimagic bite, no device heal 3, rot
immunity
a: Bend Time, Renounce Religion


You were in a bailey.
You worshipped Cheibriados.
Cheibriados was noncommittal.
You were not hungry.

You visited 2 branches of the dungeon, and saw 8 of its levels.
You also visited: Sewer and Bailey.

You collected 321 gold pieces.

Inventory:

Hand Weapons
 a - a +2 dagger
 b - a +0 blowgun
 c - a +1 rapier (weapon)
 w - a +0 falchion of holy wrath
Missiles
 e - 23 poisoned needles
 f - 2 curare-tipped needles
 j - a throwing net (quivered)
Armour
 d - a +0 cloak (worn)
 h - a +0 ring mail (worn)
 o - a +0 pair of gloves (worn)
Magical Staves
 t - an uncursed staff of poison
Jewellery
 m - an uncursed ring of sustain attributes
 p - a ring of protection from cold (right hand)
 q - a +1 ring of slaying (left hand)
 v - an uncursed ring of protection from fire
Wands
 z - a wand of magic darts (29)
 G - a wand of lightning (13)
Scrolls
 k - 3 scrolls of teleportation
 y - a scroll of remove curse
Potions
 i - 2 potions of curing
 l - a potion of magic {unknown}
 n - a potion of might {unknown}
 r - a potion of invisibility {unknown}
 s - a potion of poison {unknown}
 u - 2 potions of flight
 x - a potion of degeneration {unknown}
 B - a potion of berserk rage
 C - a potion of mutation {unknown}
 E - 2 potions of beneficial mutation {unknown}
 F - a potion of lignification {unknown}
Books
 I - a book of Debilitation

   Spells                             Type                      Level
   a - Corona                         Hexes                        1
   b - Slow                           Hexes                        2
   c - Gell's Gravitas                Hexes/Translocation          3
   d - Inner Flame                    Hexes/Fire                   3
   e - Cause Fear                     Hexes                        4
   f - Leda's Liquefaction            Hexes/Earth                  4
Comestibles
 g - 2 bread rations
 A - 2 meat rations
 D - a royal jelly
 H - a beef jerky


   Skills:
 - Level 1.7 Fighting
 * Level 9.6 Short Blades
 - Level 1.7 Throwing
 - Level 2.0 Armour
 - Level 2.1 Dodging
 - Level 5.0 Stealth


You had 7 spell levels left.
You didn't know any spells.

Dungeon Overview and Level Annotations

Branches:
Dungeon (7/15)             Temple (1/1) D:6

Altars:
Cheibriados
Dithmenos
Elyvilon
Fedhas
Nemelex Xobeh
Qazlal
Ru
Sif Muna
Trog
Vehumet
Xom
Yredelemnul
Zin
The Shining One

Annotations:
D:5 Bnni's ghost, novice DsGl


Innate Abilities, Weirdness & Mutations

You have razor-sharp teeth.
You heal very quickly.
When hurt, damage is shared between your health and your magic reserves.
Your bite disrupts and absorbs the magic of your enemies.
Potions and wands cannot restore your health.
You are immune to rotting.


Message History

You swap places.
The orc shouts!
The orc shoots a bolt.
The bolt hits your orc.
The orc shoots a bolt.
The bolt barely misses your orc. The bolt hits you!
You see here a bolt.
You swap places.
The orc shoots a bolt.
The bolt hits you.
The orc shoots a bolt.
The bolt closely misses you. The bolt hits your orc.
Your orc dies!
Your orc's corpse dissolves into shadows!
You see here 2 bolts.
The orc warrior shoots a bolt.
The bolt hits you!!
The orc warrior shoots a bolt.
The bolt barely misses you.
The bolt barely misses your orc warrior.
The bolt hits your orc!!
Your orc dies!
Your orc's corpse dissolves into shadows!
You see here a bolt.
The orc warrior shoots a bolt.
The bolt hits you!!
Ouch! That really hurt!
You die...

###############
.............∩#
............∩.#
...........(..#
.........og...#
........ggog..#
......goo.....#
..≈≈≈≈≈@gg....#
.≈≈#o#≈≈.o....#
# ##≈......#
o≈......#
##≈......#
≈≈......#
≈.......#
........#


You could see 2 orc warriors, a friendly orc warrior, a friendly orc priest, 7
friendly gnolls and 3 friendly orcs.

Vanquished Creatures
  The ghost of SlimeFever the Ruffian, a novice TrMo of Makhleb (D:6)
  An ice beast (D:7)
  An ogre (D:4)
  A necrophage (D:5)
  A centaur (D:6)
  2 giant frogs
  A crimson imp (D:6)
  2 hounds
  A jelly (D:5)
  An orc priest (D:4)
  4 orc wizards
  2 giant frog skeletons
  2 worker ants
  12 adders
  2 shadow imps
  6 oozes (Sewer)
  3 worms
  9 giant geckos
  13 orcs
  13 ball pythons
  19 giant cockroaches
  7 hobgoblins
  8 kobolds
  4 bats
  15 giant newts
  12 goblins
  14 jackals
  6 rats
  2 bushes (D:3)
  A plant (D:3)
166 creatures vanquished.

Vanquished Creatures (others)
  A plant (D:3)
1 creature vanquished.

Grand Total: 167 creatures vanquished

Notes
Turn   | Place    | Note
--------------------------------------------------------------
     0 | D:1      | wvc the Vine Stalker Assassin began the quest for the Orb.
     0 | D:1      | Reached XP level 1. HP: 11/11 MP: 2/2
     8 | D:1      | Reached skill level 5 in Stealth
   105 | D:1      | Reached XP level 2. HP: 15/15 MP: 3/3
   153 | D:1      | Reached skill level 1 in Dodging
   238 | D:1      | Reached XP level 3. HP: 15/18 MP: 4/4
  1060 | D:2      | Reached skill level 1 in Armour
  1133 | D:2      | Reached XP level 4. HP: 19/23 MP: 5/5
  1293 | D:2      | Found a stormy altar of Qazlal.
  1670 | D:3      | Found a glowing silver altar of Zin.
  1899 | D:3      | Reached XP level 5. HP: 26/26 MP: 6/6
  2995 | D:4      | Found a glowing drain.
  3048 | Sewer    | Entered a sewer
  3182 | Sewer    | Gained mutation: You heal very quickly. [Vine Stalker growth]
  3182 | Sewer    | Reached XP level 6. HP: 25/30 MP: 4/7
  3478 | Sewer    | Reached skill level 5 in Short Blades
  3617 | D:4      | Reached XP level 7. HP: 34/34 MP: 8/8
  3651 | D:4      | Noticed an ogre
  3660 | D:4      | Killed an ogre
  3660 | D:4      | Reached skill level 6 in Short Blades
  4070 | D:5      | Entered Level 5 of the Dungeon
  4262 | D:5      | Noticed Bnni's ghost (novice DsGl)
  4599 | D:5      | Reached skill level 7 in Short Blades
  4992 | D:6      | Gained mutation: You have razor-sharp teeth. [Vine Stalker growth]
  4992 | D:6      | Reached XP level 8. HP: 38/38 MP: 9/9
  5013 | D:6      | Noticed SlimeFever's ghost (novice TrMo)
  5104 | D:6      | Killed SlimeFever's ghost
  5104 | D:6      | Reached skill level 8 in Short Blades
  5147 | D:6      | Reached skill level 9 in Short Blades
  5446 | D:6      | Found a staircase to the Ecumenical Temple.
  5578 | Temple   | Entered the Ecumenical Temple
  5819 | Temple   | Became a worshipper of Cheibriados the Contemplative
  5955 | D:7      | Found a flagged portal.
  5971 | Bailey   | Entered a bailey
  5978 | Bailey   | Shot with a bolt by an orc warrior

Vault maps used:
D:1:      lightli_arrival_chessboard
D:2:      nicolae_qazlal_general_emergency
D:3:      zin_treasury, first_bread, lexackson_kobold_supper
D:4:      gup_sewer_entry_glass
D:6:      lemuel_temple_firewalk_marked, hangedman_decor_clover_reticule
D:7:      lemuel_doored_altar, nicolae_gozag_seed_capital,
          nicolae_ossuary_entry_false_entrances, enter_bailey_3, grunt_livestock
Temple:   dpeg_five_rooms_temple_12
Sewer:    sewer_frog_island_02
Bailey:   bailey_polearm_2, bailey

Action                   |  1- 3 |  4- 6 |  7- 9 || total
-------------------------+-------+-------+-------++-------
Melee: Dagger            |    85 |    82 |       ||   167
       Rapier            |       |   489 |   147 ||   636
       Falchion          |       |       |    12 ||    12
 Fire: Blowgun           |       |       |     3 ||     3
  Use: Scroll            |       |     9 |     5 ||    14
       Potion            |       |     2 |     1 ||     3
 Stab: Sleeping          |     5 |     9 |       ||    14
       Distracted        |       |     2 |       ||     2
  Eat: Chunk             |     1 |     6 |       ||     7
       Beef jerky        |       |     1 |       ||     1
       Fruit             |       |     1 |       ||     1
       Bread ration      |       |     1 |       ||     1
       Meat ration       |       |       |     1 ||     1
